Map: Blackpink LE

Players

Warchief

  • Race: Protoss Protoss
  • League: Platinum
  • Spawn Location: 1:00

gemuadrken - Winner!

  • Race: Zerg Zerg
  • League: Gold
  • Spawn Location: 7:00

VOD

Have the link to the VOD?

Description

Warchief replay plat toss

Time

  • Played on: Jan. 3, 2018, 1:24 p.m.
  • Length: 10:05
Show
View Real Time Build Order
Export as new Build Order

Warchief Protoss 

Build Orders:  

Get SALT Encoding   

  12  0:01  Probe  
  13  0:13  Probe  
  14  0:23  Pylon  
  14  0:25  Probe  
  15  0:41  Probe (Chrono Boost)  
  15  0:42  Gateway  
  16  0:50  Assimilator  
  16  0:53  Probe (Chrono Boost)  
  17  1:00  Probe (Chrono Boost)  
  18  1:08  Probe  
  19  1:20  Probe  
  19  1:24  Pylon  
  20  1:35  Cybernetics Core  
  20  1:37  Probe  
  21  1:49  Probe  
  22  1:56  Nexus  
  22  2:12  Probe  
  22  2:14  Adept  
  24  2:24  Probe  
  22  2:39  Probe (Chrono Boost)  
  22  2:41  Adept  
  20  2:50  Probe (Chrono Boost)  
  21  2:55  Probe (Chrono Boost)  
  21  2:57  Gateway  
  22  3:00  Assimilator  
  22  3:04  Pylon  
  22  3:10  Probe x2 (Chrono Boost)  
  24  3:23  Probe x2 (Chrono Boost)  
  24  3:25  Warp Gate (Chrono Boost)  
  26  3:31  Probe  
  26  3:33  Probe  
  28  3:40  Stalker (Chrono Boost)  
  28  3:45  Probe  
  28  3:47  Probe  
  32  3:57  Probe  
  32  3:59  Probe  
  34  4:09  Probe  
  35  4:11  Robotics Facility, Probe  
  35  4:17  Pylon  
  36  4:21  Probe  
  37  4:27  Probe  
  34  4:53  Probe x2  
  34  4:56  Immortal (Chrono Boost)  
  34  4:57  Twilight Council  
  40  5:05  Pylon  
  40  5:08  Shield Battery, Pylon  
  40  5:17  Gateway  
  40  5:24  Pylon  
  40  5:25  Stalker x2  
  44  5:30  Immortal (Chrono Boost)  
  48  5:40  Shield Battery  
  48  5:45  Charge (Chrono Boost)  
  48  5:56  Stalker x2  
  52  6:03  Forge  
  52  6:04  Immortal  
  56  6:18  Stalker  
  56  6:20  Stalker x2  
  62  6:34  Gateway  
  62  6:36  Gateway, Protoss Ground Weapons Level 1 (Chrono Boost)  
  62  6:38  Probe  
  57  7:10  Warp Prism  
  57  7:12  Zealot x2  
  63  7:42  Zealot x2  
  63  7:43  Nexus  
  63  7:44  Pylon  
  67  7:47  Zealot x2  
  71  8:04  Pylon  
  71  8:06  Probe x2  
  71  8:08  Pylon  
  73  8:16  Zealot x4  
  73  8:17  Zealot  
  73  8:18  Probe x2  
  85  8:30  Probe x2  
  73  8:42  Probe  
  58  9:08  Zealot x4  
  58  9:09  Zealot  
  62  9:29  Zealot  
  60  9:35  Stalker x4  
  55  9:50  Zealot  
Show
View Real Time Build Order
Export as new Build Order

gemuadrken Zerg - Winner!

Build Orders: Pool First 

Get SALT Encoding   

  12  0:02  Drone  
  13  0:12  Overlord  
  13  0:17  Drone  
  14  0:30  Drone x2  
  16  0:42  Spawning Pool  
  15  0:45  Drone  
  16  0:52  Drone  
  17  1:15  Hatchery  
  16  1:29  Zergling x6  
  16  1:32  Queen  
  21  1:41  Zergling x2  
  22  1:51  Overlord  
  21  2:27  Drone x3  
  23  2:32  Roach Warren  
  22  2:37  Drone  
  22  2:38  Drone x2  
  22  2:47  Queen  
  22  2:48  Drone  
  22  2:49  Drone  
  26  2:58  Spine Crawler  
  26  3:01  Drone x4  
  29  3:06  Extractor  
  29  3:07  Extractor  
  29  3:09  Spine Crawler  
  26  3:16  Drone x2  
  28  3:21  Drone  
  28  3:23  Drone  
  30  3:35  Queen  
  30  3:36  Drone x3  
  35  3:41  Overlord  
  35  3:53  Drone  
  35  3:54  Overlord  
  35  3:58  Spine Crawler  
  35  3:59  Drone  
  35  4:00  Drone  
  36  4:05  Roach  
  36  4:08  Roach  
  40  4:14  Roach  
  44  4:17  Roach  
  44  4:28  Drone x2, Spore Crawler x2  
  41  4:51  Roach x3  
  41  4:52  Roach x2  
  51  4:55  Overlord  
  51  4:56  Overlord  
  51  5:03  Overlord  
  51  5:15  Roach x3  
  57  5:24  Lair  
  57  5:34  Drone x4  
  61  5:44  Roach x2  
  61  5:48  Zergling x2  
  61  5:49  Zergling x4  
  70  5:57  Roach  
  70  5:58  Zergling x4  
  70  6:04  Overlord  
  72  6:06  Metabolic Boost  
  72  6:13  Ravager  
  72  6:15  Ravager x2  
  75  6:19  Overlord  
  75  6:24  Drone x5  
  75  6:25  Drone  
  79  6:50  Roach x5  
  79  6:57  Roach x3  
  79  6:58  Roach  
  75  7:10  Roach  
  75  7:11  Roach x3  
  81  7:27  Zergling x2  
  82  7:37  Glial Reconstitution  
  82  7:38  Overlord x3  
  82  7:39  Overlord  
  82  7:42  Overlord  
  82  7:50  Overlord  
  82  7:56  Overlord x2  
  82  8:07  Zergling x10  
  82  8:08  Zergling x2  
  82  8:11  Hatchery  
  87  8:13  Ravager  
  87  8:14  Ravager  
  87  8:15  Ravager  
  87  8:18  Roach x2  
  94  8:28  Zergling x10  
  98  8:39  Roach x2  
  88  8:50  Roach, Zergling x2  
  88  8:51  Roach, Zergling x2  
  90  9:03  Zergling x4  
  92  9:14  Zergling x2  
  92  9:15  Zergling x2  
  80  9:33  Roach  
  80  9:34  Roach x8  
Tags
 
Matchup
PvZ
Opening
Pool First
Spawn Locations
Cross Positions
Add a new tag
Caveats
  • Supply blocks, unpowered buildings, or Contaminate may cause inaccurate times.
  • Supply counts are checked every 10 seconds.